 Dungeon Sprint DCSS version 0.17-a0-1691-g18a3847 (webtiles) character file.

302 cmyster the Unseen (level 6, -15/32 HPs)
             Began as a Spriggan Assassin on Aug 20, 2015.
             Was an Initiate of Dithmenos.
             Demolished by a slime creature (17 damage)
             ... in the Dungeon (Sprint I: "Red Sonja").
             The game lasted 00:01:46 (181 turns).

cmyster the Unseen (Spriggan Assassin)               Turns: 181, Time: 00:01:46

Health: -15/32     AC:  3    Str:  7    XL:     6   Next: 14%
Magic:  7/7        EV: 18    Int: 12    God:    Dithmenos [......]
Gold:   297        SH:  0    Dex: 20    Spells: 0 memorised, 5 levels left

rFire  . . .     SeeInvis +     a - +2 dagger
rCold  . . .     Clarity  .     c - +0 robe
rNeg   . . .     SustAt   .     (shield restricted)
rPois  .         Gourm    .     (helmet restricted)
rElec  .         Spirit   .     d - +0 cloak
rCorr  .         Warding  .     (gloves unavailable)
rMut   .         NoTele   +     (boots unavailable)
MR     +....                    (no amulet)
Stlth  ++++++++..               (no ring)
                                (no ring)

@: very quick, somewhat resistant to hostile enchantments, extraordinarily
stealthy
A: unfitting armour, see invisible, herbivore 3, speed 3, slow metabolism 2
a: Renounce Religion


You were in the Dungeon.
You worshipped Dithmenos.
Dithmenos was noncommittal.
You were not hungry.

You visited 1 branch You collected 297 gold pieces.

Inventory:

Hand weapons
 a - a +2 dagger (weapon)
 b - a +0 blowgun
Missiles
 e - 8 poisoned needles
 f - a curare-tipped needle
Armour
 c - a +0 robe (worn)
 d - a +0 cloak (worn)
Scrolls
 m - a scroll of blinking
Potions
 h - 2 potions of curing
 i - a potion of heal wounds
 j - a potion of haste
 k - 2 potions of magic
 l - a potion of berserk rage
Comestibles
 g - a bread ration


   Skills:
 + Level 3.5 Fighting
 + Level 4.4 Short Blades
 + Level 5.0 Throwing
 + Level 2.2 Dodging
 + Level 16.5 Stealth


You had 5 spell levels left.
You didn't know any spells.

Dungeon Overview and Level Annotations

Branches:
Dungeon (1/1)

Altars:
Cheibriados
Dithmenos
Fedhas
Sif Muna
Vehumet
Jiyva


Innate Abilities, Weirdness & Mutations

You are tiny and cannot use many weapons and most armour.
You have supernaturally acute eyesight.
You are a herbivore.
You cover ground extremely quickly.
You need consume almost no food.


Message History

The slime creature is lightly wounded.
The slime creature hits you.
You hit the slime creature.
The slime creature is lightly wounded.
You hit the slime creature.
The slime creature is moderately wounded.
The slime creature hits you!!
Ouch! That really hurt!
* * * LOW HITPOINT WARNING * * *
You hit the slime creature.
The slime creature is moderately wounded.
The slime creature hits you but does no damage.
You hit the slime creature.
The slime creature is moderately wounded.
The slime creature hits you but does no damage.
You hit the slime creature.
The slime creature is moderately wounded.
The slime creature hits you!
Ouch! That really hurt!
You die...

##################
<.#..'..#.)'..#__#
..'..#.)'..#..'.J+
..#####'#####'#_@#
..# #..#...#.####
[.# ####..##[# ..#
##'#..+ ⌠⌠# +..._#
### #_.#+# ##+#


You could see a slime creature.

Vanquished Creatures
  Sigmund (D)
  An ogre (D)
  A jelly (D)
  Ijyb (D)
4 creatures vanquished.

Notes
Turn   | Place    | Note
--------------------------------------------------------------
     0 | D        | cmyster the Spriggan Assassin began the quest for the Orb.
     0 | D        | Reached XP level 1. HP: 10/10 MP: 2/2
     3 | D        | Noticed Ijyb
    14 | D        | Killed Ijyb
    14 | D        | Reached skill level 10 in Stealth
    14 | D        | Reached XP level 2. HP: 13/15 MP: 3/3
    28 | D        | Noticed an ogre
    31 | D        | Killed an ogre
    31 | D        | Reached skill level 12 in Stealth
    31 | D        | Reached XP level 3. HP: 15/19 MP: 4/4
    31 | D        | Reached XP level 4. HP: 18/23 MP: 5/5
    43 | D        | Noticed Sigmund
    46 | D        | Killed Sigmund
    46 | D        | Reached skill level 5 in Throwing
    46 | D        | Reached skill level 16 in Stealth
    46 | D        | Reached XP level 5. HP: 22/28 MP: 6/6
    46 | D        | Reached XP level 6. HP: 25/32 MP: 7/7
   126 | D        | Found a deep blue altar of Sif Muna.
   127 | D        | Noticed a jelly
   128 | D        | Found a radiant altar of Vehumet.
   134 | D        | Killed a jelly
   163 | D        | Found a snail-covered altar of Cheibriados.
   163 | D        | Found a viscous altar of Jiyva.
   163 | D        | Found a shadowy altar of Dithmenos.
   163 | D        | Found a blossoming altar of Fedhas.
   163 | D        | Noticed a slime creature
   169 | D        | Became a worshipper of Dithmenos the Shadowed
   181 | D        | Demolished by a slime creature

Vault maps used:
D:        dungeon_sprint_1

Action                   |  1- 3 |  4- 6 || total
-------------------------+-------+-------++-------
Melee: Dagger            |     1 |    14 ||    15
 Fire: Blowgun           |     2 |       ||     2
 Stab: Sleeping          |     1 |     2 ||     3
